 Dungeon Crawl Stone Soup version 0.31-a0-740-g87205ac768 (webtiles) character file.

Game seed: 9605568968866135485

95 Hubris850 the Caller (level 4, -3/30 HPs)
             Began as a Merfolk Summoner on Sept 12, 2023.
             Slain by Grinder (4 damage)
             ... on level 3 of the Dungeon.
             The game lasted 00:04:59 (1809 turns).

Hubris850 the Caller (Merfolk Summoner)             Turns: 1809, Time: 00:05:00

Health: -3/30      AC:  6    Str: 16    XL:     4   Next: 65%
Magic:  8/8        EV: 12    Int: 14    God:
Gold:   143        SH:  0    Dex: 14    Spells: 4/8 levels left

rFire   . . .        i - +0 dagger
rCold   . . .        (no shield)
rNeg    . . .        h - +0 ring mail
rPois   +            (no helmet)
rElec   .            e - +0 cloak
rCorr   .            (no gloves)
SInv    .            (no boots)
Will    .....        (no amulet)
Stlth   +            b - +6 ring of strength
HPRegen 0.25/turn    f - ring of poison resistance
MPRegen 0.11/turn

%: no passive effects
@: invisible
A: (nimble swimmer 2), mertail
a: no special abilities


You were on level 3 of the Dungeon.
You visited 1 branch of the dungeon, and saw 3 of its levels.

You collected 143 gold pieces.

Inventory:

Hand Weapons
 i - a +0 dagger (weapon)
Armour
 a - a +0 robe
 e - a +0 cloak (worn)
 h - a +0 ring mail (worn)
Jewellery
 b - a +6 ring of strength (left hand)
 c - a ring of protection from fire
 f - a ring of poison resistance (right hand)
 g - a ring of protection from cold
Talismans
 l - a beast talisman
 n - a serpent talisman
Scrolls
 d - a scroll of enchant armour {unknown}
 j - 3 scrolls of revelation {unknown}
 o - a scroll of identify {unknown}
 p - a scroll of brand weapon {unknown}
Potions
 m - a potion of heal wounds {unknown}
 q - a potion of haste {unknown}


   Skills:
 - Level 3.5 Dodging
 - Level 2.1 Stealth
 + Level 2.1 Unarmed Combat
 + Level 2.9 Spellcasting
 + Level 4.5 Summonings


You had 4 spell levels left.
You knew the following spells:

 Your Spells              Type           Power      Damage    Failure   Level
a - Summon Small Mammal   Summ           56%        N/A       6%          1
b - Call Canine Familiar  Summ           14%        N/A       19%         3

Your spell library contained the following spells:

 Spells                   Type           Power      Damage    Failure   Level
 Call Imp                 Summ           28%        N/A       10%         2
 Apportation              Tloc           4%         N/A       38%         1
 Necrotise                Necr           8%         1d4       38%         1
 Slow                     Hex            8%         N/A       38%         1
 Summon Guardian Golem    Hex/Summ       8%         N/A       43%         3
 Confusing Touch          Hex            2%         N/A       77%         3
 Sigil of Binding         Hex            2%         N/A       77%         3
 Vampiric Draining        Necr           2%         2d6       77%         3
 Summon Lightning Spire   Summ/Air       8%         N/A       85%         4


Dungeon Overview and Level Annotations

Branches:
Dungeon (3/15)

Altars:
Yredelemnul

Shops:
D:2 ?

Annotations:
D:3 Grinder


Innate Abilities, Weirdness & Mutations

((You are very nimble when in or above water. (Stealth+, EV+, Speed+++)))
Your lower body shifts to a powerful aquatic tail in water.


Message History

The helpless adder fails to defend itself.
You puncture the adder!
You kill the adder!
You barely miss Grinder.
Grinder is moderately wounded.
Grinder gestures at you.
You barely resist.
You strike the helpless Grinder from behind!
You hit Grinder.
Grinder is moderately wounded.
Grinder says, "Just stop there for a second..."
You hit Grinder but do no damage.
Grinder is moderately wounded.
Grinder gestures at you. You resist with significant effort.
You hit Grinder but do no damage.
Grinder is moderately wounded.
The worm barely misses you. Grinder closely misses you.
You hit Grinder.
Grinder is moderately wounded.
Grinder gestures at you. Pain shoots through your body!
You hit Grinder.
Grinder is heavily wounded.
Grinder hits you.
You writhe in agony.
* * * LOW HITPOINT WARNING * * *
You hit Grinder but do no damage.
Grinder is heavily wounded.
The worm misses you. Grinder hits you but does no damage.
You hit Grinder.
Grinder is heavily wounded.
Grinder says, "FISH!"
Grinder barely misses you.
You hit Grinder but do no damage.
Grinder is heavily wounded.
Grinder hits you!
* * * LOW HITPOINT WARNING * * *
You writhe in agony.
You die...
Grinder says, "Now the real fun starts!"

..# .... .... #..# ..
#...###..######..
#.....#..........
..............?.
..#............# #
#...#w5....# .#
#...@....###..#
#....##....#..#
.....#####.......###
##..#.##............#
###..##....###........#
..... ...# #........#
..... #.# ####.........
#...(.#.###....†......#
......#.....##........#


You could see Grinder (unable to see you) and a worm (unable to see you).

Vanquished Creatures
  Natasha (D:2)
  2 adders
  A dart slug (D:3)
  3 endoplasms
  3 goblins
  4 hobgoblins
  2 kobolds
  3 ball pythons
  3 bats
  A frilled lizard (D:1)
  3 rats (D:1)
26 creatures vanquished.

Vanquished Creatures (collateral kills)
  Terence (D:2)
  A giant cockroach (D:1)
  A kobold (D:1)
  A frilled lizard (D:1)
  A rat (D:1)
5 creatures vanquished.

Grand Total: 31 creatures vanquished

Notes
Turn   | Place    | Note
-------+----------+-------------------------------------------
     0 | D:1      | Hubris850 the Merfolk Summoner began the quest for the Orb.
     0 | D:1      | Reached XP level 1. HP: 13/13 MP: 3/3
   459 | D:1      | Reached XP level 2. HP: 15/19 MP: 5/5
   774 | D:1      | Reached skill level 1 in Unarmed Combat
   883 | D:2      | Found Gyewe's Magic Scroll Emporium.
   883 | D:2      | Noticed Terence
   925 | D:2      | Killed Terence
   926 | D:2      | Reached XP level 3. HP: 9/24 MP: 3/6
  1120 | D:2      | Found a basalt altar of Yredelemnul.
  1316 | D:2      | Learned a level 3 spell: Call Canine Familiar
  1328 | D:2      | Found a faded altar of an unknown god.
  1377 | D:2      | Noticed Natasha
  1388 | D:2      | Killed Natasha
  1389 | D:2      | Reached XP level 4. HP: 14/30 MP: 5/8
  1791 | D:3      | Noticed Grinder
  1809 | D:3      | HP: 1/30 [Grinder (9)]
  1809 | D:3      | Slain by Grinder

Illustrated notes

Levels and vault maps discovered:
D:1:      nagdon_arrival_double_spiral, layout_loops_ring
D:2:      layout_loops_cross, shapermc_ecumenical_altar_mp_highgroup,
          basic_altar, serial_shops, nicolae_shop_hallway_stairs, uniq_terence,
          uniq_natasha
D:3:      layout_rooms, nicolae_overflow_hidden_temple, xom_teletrap_fun,
          st_stairs_1, nicolae_the_louvre, uniq_grinder

Skill      XL: |  1  2  3  4 |
---------------+-------------+-----
Dodging        | 3 |  3.5
Unarmed Combat | 1 2 |  2.1
Stealth        | |  2.1
Spellcasting   | |  2.9
Summonings     | |  4.5

Action                     |  1- 3 |  4- 6 || total
---------------------------+-------+-------++-------
  Melee: Unarmed           |    38 |       ||    38
         Dagger            |    79 |    45 ||   124
         Punch             |     2 |     1 ||     3
   Cast: Summon Small Mamm |    19 |     2 ||    21
    Use: Potion            |     1 |     1 ||     2
   Stab: Invisible         |       |     2 ||     2
         Paralysed         |       |     2 ||     2
         Distracted        |       |     1 ||     1
         Sleeping          |       |     1 ||     1
 Armour: Ring mail         |    45 |    19 ||    64
         Robe              |     8 |       ||     8
  Dodge: Dodged            |    66 |    30 ||    96

Table legend: (Time is in decaauts)
 A = Elapsed time spent in this place.
 B = Non-inter-level travel time spent in this place.
 C = Inter-level travel time spent in this place.
 D = Time resting spent in this place.
 E = Time spent auto-exploring this place.
 F = Levels seen in this place.
 G = Mean time per level.
                   A        B        C        D        E       F      G
               +--------+--------+--------+--------+--------+-----+--------+
         Total |   1782 |   1723 |     59 |    152 |   1199 |   3 |  594.0 |
       Dungeon |   1782 |   1723 |     59 |    152 |   1199 |   3 |  594.0 |
               +--------+--------+--------+--------+--------+-----+--------+

Top non-repeatable levels by time:
     D:1: 840 daAuts
     D:2: 824 daAuts
     D:3: 116 daAuts
